Map: [ESL] Site Delta

Players

Cure - Winner!

  • Race: Terran Terran
  • Spawn Location: 5:00

HeroMarine

  • Race: Terran Terran
  • Spawn Location: 11:00

Event: IEM Katowice 2024

VOD

https://youtu.be/fvf0Oz2wAeA?t=1377

Description

Time

  • Played on: Feb. 11, 2024, 9:31 a.m.
  • Length: 3:20

All games in this series

Show
View Real Time Build Order
Export as new Build Order

Cure Terran - Winner!

Build Orders:  

Get SALT Encoding   

  12  0:00  SCV  
  13  0:12  SCV  
  14  0:17  Supply Depot  
  14  0:24  SCV  
  15  0:41  Barracks, Refinery  
  15  0:55  Barracks  
  15  0:58  SCV  
  16  1:06  Refinery  
  16  1:11  SCV  
  17  1:28  Reaper  
  17  1:29  Orbital Command  
  18  1:42  Reaper  
  19  1:49  Supply Depot  
  19  1:55  SCV  
  19  2:00  Reaper  
  21  2:07  SCV  
  22  2:15  Reaper  
  23  2:19  Factory  
  23  2:27  SCV  
  24  2:32  Reaper  
  25  2:39  SCV  
Show
View Real Time Build Order
Export as new Build Order

HeroMarine Terran 

Build Orders:  

Get SALT Encoding   

  12  0:00  SCV  
  13  0:12  SCV  
  14  0:17  Supply Depot  
  14  0:24  SCV  
  15  0:39  SCV  
  15  0:40  Barracks  
  16  0:43  Refinery  
  16  0:51  SCV  
  16  0:52  Refinery  
  17  1:03  SCV  
  18  1:15  SCV  
  19  1:27  Orbital Command, Reaper  
  20  1:32  Supply Depot  
  20  1:41  Factory  
  20  1:53  SCV  
  21  1:59  Reaper  
  22  2:05  SCV  
  23  2:15  Command Center  
  23  2:17  SCV  
  24  2:27  Hellion  
  24  2:29  SCV  
  25  2:31  Reaper  
  25  2:41  SCV  
  25  2:49  Hellion  
  24  2:53  SCV  

Tags
 
Add a new tag
Caveats
  • Supply blocks, unpowered buildings, or Contaminate may cause inaccurate times.
  • Supply counts are checked every 10 seconds.